 Dungeon Crawl Stone Soup version 0.31-a0-221-gbddc013574 (webtiles) character file.

Game seed: 9094982066087178221

46565 qw the Peltast (level 14, -5/88 HPs)
             Began as a Gargoyle Fighter on July 4, 2023.
             Was an Elder of Okawaru.
             Killed from afar by a fire dragon (56 damage)
             ... with a blast of flame
             ... on level 5 of the Lair of Beasts.
             The game lasted 00:08:05 (14071 turns).

qw the Peltast (Gargoyle Fighter)                  Turns: 14071, Time: 00:08:06

Health: -5/88      AC: 33    Str: 23    XL:     14   Next: 38%
Magic:  20/21      EV: 10    Int: 11    God:    Okawaru [****..]
Gold:   704        SH: 20    Dex:  9    Spells: 13/13 levels left

rFire   . . .        y - +7 broad axe
rCold   . . .        w - +0 tower shield
rNeg    + . .        l - +0 chain mail
rPois   inf          (no helmet)
rElec   +            f - +0 cloak
rCorr   .            h - +0 pair of gloves
SInv    .            m - +2 pair of boots {Fly}
Will    ++...        a - amulet of the acrobat Stlth
                     s - ring of Cilexuh {Contam rPois Will+ Slay+2}
HPRegen 0.34/turn    t - +4 ring of protection
MPRegen 0.17/turn

%: acrobat
@: heroic, frozen, flying, very slow
A: sickness immunity, AC +10, big wings, negative energy resistance 1,
electricity resistance, torment resistance 1, petrification resistance
a: Renounce Religion, Heroism, Finesse


You were on level 5 of the Lair of Beasts.
You worshipped Okawaru.
Okawaru was greatly pleased with you.
You visited 3 branches of the dungeon, and saw 14 of its levels.

You collected 842 gold pieces.
You spent 138 gold pieces at shops.


Innate Abilities, Weirdness & Mutations

You are immune to sickness and miasma.
Your stone body is resilient. (AC +10)
You are immune to poison.
Your large and strong wings let you fly.
You resist negative energy. (rN+)
You are resistant to electric shocks. (rElec)
You are resistant to unholy torment.
You are immune to petrification.


   Skills:
 - Level 10.0(15.0) Fighting
 + Level 13.4(18.4) Axes
 - Level 4.0(9.0) Throwing
 - Level 8.0(13.0) Armour
 - Level 2.2(7.2) Dodging
 - Level 15.0(20.0) Shields
 - Level 10.0 Invocations


You had 13 spell levels left.
You didn't know any spells.
Your spell library was empty.

Inventory:

Hand Weapons
 n - a +0 morningstar
 y - a +7 broad axe (weapon)
Missiles
 D - 3 boomerangs
 F - 6 javelins (quivered)
Armour
 f - a +0 cloak (worn)
 h - a +0 pair of gloves (worn)
 j - +0 acid dragon scales
 l - a +0 chain mail (worn)
 m - a +2 pair of boots of flying (worn)
 w - a +0 tower shield (worn)
 A - a +0 plate armour
 B - a +3 scale mail of fire resistance
Jewellery
 a - an amulet of the acrobat (around neck)
 b - a ring of fire
 c - a ring of protection from cold
 s - the ring of Cilexuh (left hand) {Contam rPois Will+ Slay+2}
   (You found it on level 5 of the Dungeon)

   [ring of willpower]

   Slay:      It affects your accuracy & damage with ranged weapons and melee
   (+2).
   rPois:     It protects you from poison.
   Contam:    It causes magical contamination when unequipped.
   Will:      It increases your willpower.
 t - a +4 ring of protection (right hand)
Wands
 r - a wand of digging (1)
Scrolls
 k - 3 scrolls of identify
 q - a scroll of blinking {unknown}
 v - 2 scrolls of teleportation
 C - a scroll of poison {unknown}
Potions
 d - 4 potions of might
 e - a potion of cancellation
 g - 2 potions of attraction
 i - 3 potions of mutation
 o - a potion of enlightenment
 p - 2 potions of resistance
 u - a potion of curing
 x - a potion of lignification
 z - 3 potions of haste
 E - a potion of heal wounds

Dungeon Overview and Level Annotations

Branches:
Dungeon (8/15)             Temple (1/1) D:5            Lair (5/5) D:8
 Shoals (0/4) Lair:2        Snake (0/4) Lair:3        Slime (0/5) Lair:4

Altars:
Ashenzari
Cheibriados
Dithmenos
Elyvilon
Fedhas
Gozag
Kikubaaqudgha
Makhleb
Nemelex Xobeh
Okawaru
Ru
Sif Muna
Trog
Uskayaw
Vehumet
Wu Jian
Xom
Yredelemnul
Zin
The Shining One

Shops:
D:4 ?   D:7 (

Annotations:
D:8 3 runed translucent doors, qw's ghost, novice MiHs
Lair:3 1 runed translucent door, qw's ghost, journeyman GrFi


Message History

You are engulfed in a cloud of scalding steam.
The rime drake breathes ice at you. You block the icy flash freeze.
The fire dragon bites you but does no damage.
The fire dragon barely misses you. You block the fire dragon's attack.
You barely miss the rime drake.
The rime drake is almost dead.
You slash the fire dragon!
You are engulfed in a cloud of scalding steam.
The basilisk splashes around in the water.
You block the rime drake's attack. You block the fire dragon's attack.
The fire dragon claws you but does no damage.
The fire dragon tramples you but does no damage.
You barely miss the rime drake.
The rime drake is almost dead.
You hit the fire dragon but do no damage.
You are engulfed in a cloud of scalding steam.
The basilisk bites the plant.
The plant begins to die.
The rime drake breathes ice at you. The icy flash freeze hits you.
You are encased in ice.
You closely miss the rime drake.
The rime drake is almost dead.
You hit the fire dragon.
You are engulfed in a cloud of scalding steam.
The basilisk splashes around in the water.
You hit the rime drake.
You kill the rime drake!
Okawaru accepts your kill.
You hit the fire dragon.
You are engulfed in a cloud of scalding steam.
You slash the fire dragon!
The fire dragon is severely wounded.
You slash the swamp dragon!
You are engulfed in a cloud of scalding steam.
The basilisk splashes around in the water.
The fire dragon breathes flames at you. The blast of flame hits you!!!
Ouch! That really hurt!
You die... 777

..7 7 77.~7..
77..~~..~
77..~~~.~~
77.Pl~~~.~~
7..DDl~..~. 77~@7
77 7.~~77 7.7 ~
7~¤¤~77 77~~7~P
77.~~~77 7P~~~~.~
7.....77 77.~~...7
777..~~777.7~....7
77...~~[~~7
7...~.~.~77
77....P7~.777


You could see a fire dragon (catching breath), a swamp dragon, a basilisk and an
iguana.

Vanquished Creatures
  9 hydras
  A catoblepas (Lair:5)
  4 death yaks
  Urug (Lair:5)
  A skyshark (Lair:2)
  A lindwurm (Lair:5)
  3 manticores
  13 elephants
  An eye of devastation (Lair:4)
  9 black mambas
  A guardian serpent (Lair:3)
  4 torpor snails
  16 cane toads
  10 rime drakes
  Maggie (D:6)
  7 komodo dragons
  A queen bee (Lair:1)
  A polar bear (Lair:5)
  2 hornets
  9 blink frogs
  A wind drake (Lair:2)
  6 dream sheep (Lair:5)
  A shadow (D:7)
  2 wyverns
  41 yaks
  3 basilisks (Lair:5)
  A steam dragon (Lair:5)
  A vampire mosquito (D:7)
  An acid dragon (Lair:5)
  16 water moccasins
  A floating eye (Lair:4)
  5 ice beasts
  A swamp drake (Lair:5)
  2 black bears
  2 ogres (D:5)
  13 wolves
  2 phantoms
  5 bullfrogs
  3 scorpions
  8 wights
  23 killer bees (Lair:1)
  A howler monkey (D:5)
  5 orc priests
  4 hounds
  A gnoll bouda (D:7)
  5 iguanas
  2 sleepcaps
  Natasha (twice) (D:2)
  Terence (D:2)
  4 gnolls (D:7)
  7 adders
  A white imp (D:8)
  3 ufetubi
  3 worms
  2 dart slugs
  26 orcs
  6 ball pythons
  9 bats
  7 endoplasms
  3 giant cockroaches
  8 goblins
  5 hobgoblins
  9 kobolds
  5 quokkas
  12 frilled lizards
  4 rats
368 creatures vanquished.

Notes
Turn   | Place    | Note
-------+----------+-------------------------------------------
     0 | D:1      | qw the Gargoyle Fighter began the quest for the Orb.
     0 | D:1      | Reached XP level 1. HP: 14/14 MP: 1/1
     0 | D:1      | 0 ||| qw: Version: 0.3-a-41-g9d075ac
     0 | D:1      | 0 ||| qw: Game counter: 826
     0 | D:1      | 0 ||| qw: Melee chars always use a shield: true
     0 | D:1      | 0 ||| qw: God list: Okawaru
     0 | D:1      | 0 ||| qw: Allow faded altars: false
     0 | D:1      | 0 ||| qw: Do Orc after clearing Dungeon:15 true
     0 | D:1      | 0 ||| qw: Do second Lair branch before Depths: true
     0 | D:1      | 0 ||| qw: Lair rune preference: random
     0 | D:1      | 0 ||| qw: Goals: Normal, Zot:1-4, Slime:5, God:TSO, Crypt,
                  | Tomb, Abyss, Pan, Hells, Win
     0 | D:1      | 0 ||| PLANNING D:1-11
    40 | D:1      | 40 ||| Stepping ~*~*~tactically~*~*~ (stealth).
    43 | D:1      | 43 ||| Stepping ~*~*~tactically~*~*~ (stealth).
    48 | D:1      | 48 ||| FLEEEEING.
    49 | D:1      | 49 ||| FLEEEEING.
    50 | D:1      | 50 ||| FLEEEEING.
    51 | D:1      | 51 ||| FLEEEEING.
    52 | D:1      | 52 ||| FLEEEEING.
    53 | D:1      | 53 ||| FLEEEEING.
    54 | D:1      | 54 ||| FLEEEEING.
    55 | D:1      | 55 ||| FLEEEEING.
    56 | D:1      | 56 ||| FLEEEEING.
    57 | D:1      | 57 ||| FLEEEEING.
    58 | D:1      | 58 ||| FLEEEEING.
    59 | D:1      | 59 ||| FLEEEEING.
    71 | D:1      | Reached XP level 2. HP: 19/19 MP: 2/2
   467 | D:1      | Reached skill level 3 in Axes
   675 | D:1      | 675 ||| Stepping ~*~*~tactically~*~*~ (hiding).
   679 | D:1      | 679 ||| Stepping ~*~*~tactically~*~*~ (hiding).
   680 | D:1      | 680 ||| Stepping ~*~*~tactically~*~*~ (hiding).
   681 | D:1      | 681 ||| Stepping ~*~*~tactically~*~*~ (hiding).
   682 | D:1      | 682 ||| Stepping ~*~*~tactically~*~*~ (hiding).
   692 | D:1      | Reached XP level 3. HP: 23/23 MP: 3/3
   696 | D:1      | 696 ||| Stepping ~*~*~tactically~*~*~ (hiding).
   697 | D:1      | 697 ||| Stepping ~*~*~tactically~*~*~ (hiding).
   698 | D:1      | 698 ||| Stepping ~*~*~tactically~*~*~ (hiding).
   737 | D:1      | 737 ||| Stepping ~*~*~tactically~*~*~ (stealth).
   738 | D:1      | 738 ||| Stepping ~*~*~tactically~*~*~ (stealth).
   739 | D:1      | 739 ||| Stepping ~*~*~tactically~*~*~ (stealth).
   740 | D:1      | 740 ||| Stepping ~*~*~tactically~*~*~ (stealth).
   889 | D:1      | 889 ||| DROPPING +0 whip.
   913 | D:1      | 913 ||| UPGRADING to +0 chain mail.
   923 | D:1      | 923 ||| DROPPING +0 scale mail.
   924 | D:1      | 924 ||| UPGRADING to ring of protection from cold.
   925 | D:1      | 925 ||| READING 2 scrolls labelled ZOCUNY IHILIASCH.
   926 | D:1      | 926 ||| READING 2 scrolls labelled NEN HEMUPTETABA.
   927 | D:1      | 927 ||| READING scroll of enchant weapon.
   927 | D:1      | 927 ||| ENCHANTING +1 war axe.
   928 | D:1      | 928 ||| READING 3 scrolls labelled YJIWKU ZATI.
   929 | D:1      | 929 ||| READING scroll labelled QOEBOISUSAZA.
   930 | D:1      | 930 ||| READING 2 scrolls of identify.
   930 | D:1      | 930 ||| IDENTIFYING yellow potion
   931 | D:1      | 931 ||| DROPPING scroll of vulnerability.
  1056 | D:2      | 1056 ||| READING scroll of enchant weapon.
  1056 | D:2      | 1056 ||| ENCHANTING +2 war axe.
  1188 | D:2      | Noticed Terence
  1199 | D:2      | Killed Terence
  1200 | D:2      | Reached XP level 4. HP: 25/28 MP: 4/4
  1504 | D:2      | Noticed Natasha
  1511 | D:2      | Killed Natasha
  1512 | D:2      | Reached XP level 5. HP: 27/32 MP: 5/5
  1645 | D:2      | Noticed Natasha
  1654 | D:2      | Killed Natasha
  1906 | D:2      | 1906 ||| UPGRADING to +0 cloak.
  1911 | D:2      | 1911 ||| UPGRADING to +0 pair of gloves.
  1916 | D:2      | 1916 ||| READING scroll labelled GUNITU YMO QEI.
  1920 | D:2      | 1920 ||| READING 2 scrolls of identify.
  1920 | D:2      | 1920 ||| IDENTIFYING fuming sapphire potion
  1939 | D:3      | 1939 ||| Stepping ~*~*~tactically~*~*~ (stealth).
  1940 | D:3      | 1940 ||| Stepping ~*~*~tactically~*~*~ (stealth).
  1967 | D:3      | 1967 ||| Stepping ~*~*~tactically~*~*~ (stealth).
  1983 | D:3      | 1983 ||| Stepping ~*~*~tactically~*~*~ (stealth).
  1984 | D:3      | 1984 ||| Stepping ~*~*~tactically~*~*~ (stealth).
  1990 | D:3      | Found a faded altar of an unknown god.
  1996 | D:3      | 1996 ||| READING scroll of enchant weapon.
  1996 | D:3      | 1996 ||| ENCHANTING +3 war axe.
  2048 | D:3      | 2048 ||| DROPPING +0 mace.
  2265 | D:3      | Found a broken altar of Ashenzari.
  2285 | D:3      | 2285 ||| Stepping ~*~*~tactically~*~*~ (stealth).
  2311 | D:3      | 2311 ||| Stepping ~*~*~tactically~*~*~ (stealth).
  2648 | D:3      | 2648 ||| READING scroll labelled WEUTWEH RYAQO.
  2649 | D:3      | 2649 ||| READING 2 scrolls of identify.
  2649 | D:3      | 2649 ||| IDENTIFYING grey potion
  2760 | D:4      | Found Bakeolotu's Magic Scroll Boutique.
  2776 | D:4      | 2776 ||| BUYING scroll of enchant weapon (90 gold).
  2776 | D:4      | Bought a scroll of enchant weapon for 90 gold pieces
  2776 | D:4      | 2776 ||| BUYING scroll of identify (24 gold).
  2776 | D:4      | Bought a scroll of identify for 24 gold pieces
  2776 | D:4      | 2776 ||| BUYING scroll of identify (24 gold).
  2776 | D:4      | Bought a scroll of identify for 24 gold pieces
  2776 | D:4      | 2776 ||| SHOPLISTING scroll of teleportation (36 gold, have
                  | 16).
  2776 | D:4      | 2776 ||| READING scroll of enchant weapon.
  2776 | D:4      | 2776 ||| ENCHANTING +4 war axe.
  2853 | D:4      | Reached XP level 6. HP: 31/39 MP: 6/6
  2890 | D:4      | 2890 ||| Stepping ~*~*~tactically~*~*~ (hiding).
  3284 | D:4      | 3284 ||| UPGRADING to +2 pair of boots.
  3289 | D:4      | 3289 ||| UPGRADING to ring of positive energy.
  3290 | D:4      | 3290 ||| READING scroll labelled ESSUDE OKU SED.
  3291 | D:4      | 3291 ||| READING 3 scrolls of identify.
  3291 | D:4      | 3291 ||| IDENTIFYING emerald potion
  3292 | D:4      | 3292 ||| READING 2 scrolls of identify.
  3292 | D:4      | 3292 ||| IDENTIFYING orange potion
  3307 | D:5      | Entered Level 5 of the Dungeon
  3475 | D:5      | Found a staircase to the Ecumenical Temple.
  3476 | D:5      | 3476 ||| PLANNING TEMPLE
  3484 | Temple   | Entered the Ecumenical Temple
  3502 | Temple   | 3502 ||| PLANNING OKAWARU WORSHIP
  3635 | Temple   | Became a worshipper of Warmaster Okawaru
  3636 | Temple   | 3636 ||| PLANNING D:1-11
  3662 | D:5      | Found a sparkling altar of Nemelex Xobeh.
  3714 | D:5      | Found a white marble altar of Elyvilon.
  3819 | D:5      | Found a burning altar of Makhleb.
  3834 | D:5      | 3834 ||| Stepping ~*~*~tactically~*~*~ (stealth).
  3835 | D:5      | Noticed a black bear
  3840 | D:5      | Reached skill level 6 in Axes
  3840 | D:5      | Reached XP level 7. HP: 15/44 MP: 7/7
  3848 | D:5      | Reached skill level 1 in Dodging
  4119 | D:5      | Identified the ring of Cilexuh {Contam rPois Will+ Slay+2}
  4138 | D:5      | 4138 ||| Stepping ~*~*~tactically~*~*~ (stealth).
  4145 | D:5      | Reached * piety under Okawaru
  4219 | D:5      | Reached skill level 1 in Invocations
  4220 | D:5      | 4220 ||| UPGRADING to amulet of the acrobat.
  4225 | D:5      | 4225 ||| UPGRADING to ring of Cilexuh {Contam rPois Will+
                  | Slay+2}.
  4227 | D:5      | 4227 ||| UPGRADING to ring of protection from cold.
  4229 | D:5      | 4229 ||| READING scroll labelled FOURUXTITHY.
  4264 | D:6      | Reached XP level 8. HP: 49/49 MP: 7/9
  4428 | D:6      | Noticed Maggie
  4441 | D:6      | Killed Maggie
  4442 | D:6      | Reached skill level 3 in Invocations
  4574 | D:6      | Identified the +1 pair of boots of Odythrus {Str-3 Dex+5}
  4884 | D:6      | 4884 ||| INVOKING Heroism.
  5287 | D:6      | 5287 ||| DROPPING +1 pair of boots of Odythrus {Str-3
                  | Dex+5}.
  5288 | D:6      | 5288 ||| READING scroll labelled ZUNYCE MUCEJUSS.
  5355 | D:7      | Found Rerghea's Antique Weapon Shop.
  5374 | D:7      | 5374 ||| SHOPLISTING runed flail (169 gold, have 86).
  5392 | D:7      | Reached skill level 6 in Fighting
  5392 | D:7      | Reached XP level 9. HP: 44/55 MP: 12/12
  5392 | D:7      | Reached ** piety under Okawaru
  5393 | D:7      | 5393 ||| INVOKING Heroism.
  5518 | D:7      | Reached skill level 9 in Axes
  5523 | D:7      | 5523 ||| READING scroll of enchant weapon.
  5523 | D:7      | 5523 ||| ENCHANTING +5 war axe.
  5590 | D:7      | Reached skill level 4 in Shields
  5687 | D:7      | 5687 ||| Stepping ~*~*~tactically~*~*~ (stealth).
  5711 | D:7      | 5711 ||| Stepping ~*~*~tactically~*~*~ (stealth).
  5723 | D:7      | 5723 ||| Stepping ~*~*~tactically~*~*~ (stealth).
  5724 | D:7      | 5724 ||| Stepping ~*~*~tactically~*~*~ (stealth).
  5726 | D:7      | 5726 ||| Stepping ~*~*~tactically~*~*~ (stealth).
  5728 | D:7      | 5728 ||| Stepping ~*~*~tactically~*~*~ (hiding).
  5808 | D:7      | 5808 ||| INVOKING Heroism.
  6137 | D:7      | 6137 ||| DROPPING ring of positive energy.
  6138 | D:7      | 6138 ||| UPGRADING to +4 ring of protection.
  6140 | D:7      | 6140 ||| READING 2 scrolls of identify.
  6140 | D:7      | 6140 ||| IDENTIFYING lumpy dark potion
  6153 | D:8      | 6153 ||| Stepping ~*~*~tactically~*~*~ (water).
  6174 | D:8      | 6174 ||| Stepping ~*~*~tactically~*~*~ (stealth).
  6176 | D:8      | 6176 ||| DROPPING +0 flail.
  6191 | D:8      | Reached *** piety under Okawaru
  6197 | D:8      | Reached XP level 10. HP: 36/63 MP: 13/13
  6197 | D:8      | 6197 ||| INVOKING Heroism.
  6202 | D:8      | Reached skill level 6 in Armour
  6209 | D:8      | Found a flagged portal.
  6227 | D:8      | 6227 ||| Stepping ~*~*~tactically~*~*~ (stealth).
  6320 | D:8      | 6320 ||| Stepping ~*~*~tactically~*~*~ (stealth).
  6322 | D:8      | 6322 ||| Stepping ~*~*~tactically~*~*~ (stealth).
  6331 | D:8      | 6331 ||| Stepping ~*~*~tactically~*~*~ (hiding).
  6332 | D:8      | 6332 ||| Stepping ~*~*~tactically~*~*~ (hiding).
  6446 | D:8      | Found a runed translucent gate.
  6446 | D:8      | Noticed qw's ghost (novice MiHs)
  6447 | D:8      | Found a runed translucent gate.
  6449 | D:8      | Found a runed translucent gate.
  6549 | D:8      | Found a staircase to the Lair.
  6568 | D:8      | Identified the +0 leather armour of the Tundras {Int+4}
  6686 | D:8      | 6686 ||| PLANNING LAIR
  6686 | D:8      | 6686 ||| UPGRADING to +0 tower shield.
  6696 | D:8      | 6696 ||| DROPPING +0 buckler.
  6697 | D:8      | 6697 ||| READING 2 scrolls of identify.
  6697 | D:8      | 6697 ||| IDENTIFYING white potion
  6698 | D:8      | 6698 ||| DROPPING potion of brilliance.
  6711 | Lair:1   | Entered Level 1 of the Lair of Beasts
  6716 | Lair:1   | 6716 ||| STAIRDANCE
  6722 | D:8      | 6722 ||| INVOKING Heroism.
  6725 | D:8      | Reached skill level 5 in Shields
  6849 | Lair:1   | Reached **** piety under Okawaru
  6944 | Lair:1   | Noticed a torpor snail
  6945 | Lair:1   | 6945 ||| INVOKING Heroism.
  6948 | Lair:1   | Noticed a black mamba
  6951 | Lair:1   | Reached skill level 6 in Shields
  6954 | Lair:1   | 6954 ||| INVOKING Heroism.
  6956 | Lair:1   | Killed a torpor snail
  6963 | Lair:1   | Killed a black mamba
  6964 | Lair:1   | Reached skill level 7 in Shields
  7098 | Lair:1   | 7098 ||| INVOKING Heroism.
  7205 | Lair:1   | Noticed a cane toad
  7206 | Lair:1   | 7206 ||| INVOKING Heroism.
  7209 | Lair:1   | Killed a cane toad
  7210 | Lair:1   | Reached skill level 8 in Shields
  7210 | Lair:1   | Reached skill level 6 in Invocations
  7210 | Lair:1   | Reached XP level 11. HP: 65/68 MP: 12/15
  7241 | Lair:1   | 7241 ||| INVOKING Heroism.
  7415 | Lair:1   | 7415 ||| INVOKING Heroism.
  7497 | Lair:1   | 7497 ||| INVOKING Heroism.
  7531 | Lair:1   | Reached skill level 9 in Shields
  8023 | Lair:1   | 8023 ||| READING 3 scrolls labelled JEMAIKEDYM.
  8024 | Lair:1   | 8024 ||| READING 2 scrolls of identify.
  8024 | Lair:1   | 8024 ||| IDENTIFYING red potion
  8025 | Lair:1   | 8025 ||| DROPPING 2 scrolls of immolation.
  8063 | Lair:2   | 8063 ||| INVOKING Heroism.
  8072 | Lair:2   | Reached skill level 10 in Shields
  8078 | Lair:2   | Reached ***** piety under Okawaru
  8147 | Lair:2   | 8147 ||| INVOKING Heroism.
  8249 | Lair:2   | Reached skill level 9 in Invocations
  8250 | Lair:2   | Noticed a four-headed hydra
  8251 | Lair:2   | 8251 ||| INVOKING Heroism.
  8252 | Lair:2   | 8252 ||| INVOKING Finesse.
  8260 | Lair:2   | 8260 ||| SWAPPING to +0 morningstar.
  8268 | Lair:2   | Killed a four-headed hydra
  8269 | Lair:2   | 8269 ||| SWAPPING to +6 war axe.
  8365 | Lair:2   | 8365 ||| INVOKING Heroism.
  8373 | Lair:2   | Reached skill level 11 in Shields
  8398 | Lair:2   | Noticed a four-headed hydra
  8399 | Lair:2   | 8399 ||| SWAPPING to +0 morningstar.
  8400 | Lair:2   | 8400 ||| INVOKING Finesse.
  8401 | Lair:2   | 8401 ||| INVOKING Finesse.
  8403 | Lair:2   | 8403 ||| INVOKING Heroism.
  8411 | Lair:2   | Killed a four-headed hydra
  8412 | Lair:2   | Reached XP level 12. HP: 72/73 MP: 12/19
  8412 | Lair:2   | 8412 ||| SWAPPING to +6 war axe.
  8464 | Lair:2   | Noticed a skyshark
  8475 | Lair:2   | Killed a skyshark
  8496 | Lair:2   | 8496 ||| INVOKING Heroism.
  8502 | Lair:2   | Reached skill level 12 in Shields
  8516 | Lair:2   | 8516 ||| Stepping ~*~*~tactically~*~*~ (stealth).
  8523 | Lair:2   | Received a gift from Okawaru
  8643 | Lair:2   | Noticed a five-headed hydra
  8644 | Lair:2   | 8644 ||| INVOKING Heroism.
  8645 | Lair:2   | 8645 ||| SWAPPING to +0 morningstar.
  8646 | Lair:2   | 8646 ||| INVOKING Finesse.
  8657 | Lair:2   | Killed a five-headed hydra
  8658 | Lair:2   | 8658 ||| SWAPPING to +6 war axe.
  8858 | Lair:2   | Noticed a death yak
  8858 | Lair:2   | 8858 ||| INVOKING Heroism.
  8859 | Lair:2   | 8859 ||| INVOKING Finesse.
  8862 | Lair:2   | 8862 ||| Stepping ~*~*~tactically~*~*~ (stealth).
  8863 | Lair:2   | 8863 ||| Stepping ~*~*~tactically~*~*~ (stealth).
  8879 | Lair:2   | Killed a death yak
  8881 | Lair:2   | Reached skill level 13 in Shields
  8999 | Lair:2   | 8999 ||| Stepping ~*~*~tactically~*~*~ (stealth).
  9003 | Lair:2   | 9003 ||| Stepping ~*~*~tactically~*~*~ (stealth).
  9016 | Lair:2   | 9016 ||| Stepping ~*~*~tactically~*~*~ (stealth).
  9031 | Lair:2   | 9031 ||| INVOKING Heroism.
  9145 | Lair:2   | 9145 ||| Stepping ~*~*~tactically~*~*~ (hiding).
  9233 | Lair:2   | 9233 ||| INVOKING Heroism.
  9234 | Lair:2   | Found a staircase to the Shoals.
  9248 | Lair:2   | 9248 ||| Stepping ~*~*~tactically~*~*~ (hiding).
  9429 | Lair:2   | 9429 ||| INVOKING Heroism.
  9465 | Lair:2   | Noticed a four-headed hydra
  9470 | Lair:2   | 9470 ||| SWAPPING to +0 morningstar.
  9473 | Lair:2   | 9473 ||| INVOKING Heroism.
  9479 | Lair:2   | Killed a four-headed hydra
  9480 | Lair:2   | 9480 ||| SWAPPING to +6 war axe.
  9876 | Lair:2   | 9876 ||| UPGRADING to +2 pair of boots of flying.
  9886 | Lair:2   | 9886 ||| DROPPING +2 pair of boots.
  9887 | Lair:2   | 9887 ||| READING 3 scrolls of identify.
  9887 | Lair:2   | 9887 ||| IDENTIFYING fuming golden potion
  9888 | Lair:2   | 9888 ||| READING 2 scrolls of identify.
  9888 | Lair:2   | 9888 ||| IDENTIFYING black potion
  9913 | Lair:3   | Noticed a seven-headed hydra
  9914 | Lair:3   | 9914 ||| INVOKING Heroism.
  9918 | Lair:3   | 9918 ||| SWAPPING to +0 morningstar.
  9925 | Lair:3   | Killed a seven-headed hydra
  9926 | Lair:3   | 9926 ||| SWAPPING to +6 war axe.
 10012 | Lair:3   | 10012 ||| INVOKING Heroism.
 10092 | Lair:3   | Noticed qw's ghost (journeyman GrFi)
 10096 | Lair:3   | Found a runed translucent door.
 10135 | Lair:3   | 10135 ||| INVOKING Heroism.
 10291 | Lair:3   | 10291 ||| INVOKING Heroism.
 10294 | Lair:3   | Reached skill level 9 in Fighting
 10345 | Lair:3   | 10345 ||| INVOKING Heroism.
 10352 | Lair:3   | Reached XP level 13. HP: 80/80 MP: 18/20
 10358 | Lair:3   | Reached skill level 14 in Shields
 10395 | Lair:3   | 10395 ||| INVOKING Heroism.
 10658 | Lair:3   | 10658 ||| INVOKING Heroism.
 10848 | Lair:3   | Found a staircase to the Snake Pit.
 11034 | Lair:4   | 11034 ||| INVOKING Heroism.
 11051 | Lair:4   | Found a staircase to the Slime Pits.
 11054 | Lair:4   | Paralysed by a floating eye for 2 turns
 11075 | Lair:4   | 11075 ||| INVOKING Heroism.
 11147 | Lair:4   | 11147 ||| Stepping ~*~*~tactically~*~*~ (stealth).
 11562 | Lair:4   | Identified the +0 robe of Weightlessness {rElec rPois rF-
                  | rC+}
 11825 | Lair:4   | 11825 ||| DROPPING ring of willpower.
 11832 | Lair:5   | Entered Level 5 of the Lair of Beasts
 11833 | Lair:5   | 11833 ||| INVOKING Heroism.
 11843 | Lair:5   | Reached skill level 12 in Axes
 11863 | Lair:5   | 11863 ||| SWAPPING to +0 morningstar.
 11867 | Lair:5   | 11867 ||| INVOKING Heroism.
 11874 | Lair:5   | 11874 ||| SWAPPING to +6 war axe.
 11988 | Lair:5   | 11988 ||| INVOKING Heroism.
 12039 | Lair:5   | 12039 ||| Stepping ~*~*~tactically~*~*~ (stealth).
 12190 | Lair:5   | 12190 ||| INVOKING Heroism.
 12196 | Lair:5   | 12196 ||| SWAPPING to +0 morningstar.
 12203 | Lair:5   | 12203 ||| SWAPPING to +6 war axe.
 12214 | Lair:5   | Noticed Urug
 12215 | Lair:5   | 12215 ||| INVOKING Heroism.
 12217 | Lair:5   | 12217 ||| Stepping ~*~*~tactically~*~*~ (hiding).
 12219 | Lair:5   | 12219 ||| Stepping ~*~*~tactically~*~*~ (hiding).
 12229 | Lair:5   | Killed Urug
 12245 | Lair:5   | 12245 ||| SWAPPING to +7 broad axe.
 12246 | Lair:5   | 12246 ||| DROPPING +6 war axe.
 12275 | Lair:5   | Reached skill level 1 in Throwing
 12318 | Lair:5   | Found a bloodstained altar of Trog.
 12392 | Lair:5   | 12392 ||| INVOKING Heroism.
 12402 | Lair:5   | 12402 ||| SWAPPING to +0 morningstar.
 12410 | Lair:5   | HP: 16/80 [six-headed hydra (9)]
 12411 | Lair:5   | 12411 ||| READING 3 scrolls of teleportation.
 12412 | Lair:5   | 12412 ||| DRINKING potion of heal wounds.
 12417 | Lair:5   | 12417 ||| SWAPPING to +7 broad axe.
 12588 | Lair:5   | Reached skill level 3 in Throwing
 12632 | Lair:5   | 12632 ||| Stepping ~*~*~tactically~*~*~ (hiding).
 12644 | Lair:5   | 12644 ||| INVOKING Heroism.
 12809 | Lair:5   | 12809 ||| Stepping ~*~*~tactically~*~*~ (hiding).
 12832 | Lair:5   | 12832 ||| Stepping ~*~*~tactically~*~*~ (stealth).
 12856 | Lair:5   | 12856 ||| Stepping ~*~*~tactically~*~*~ (stealth).
 12859 | Lair:5   | 12859 ||| Stepping ~*~*~tactically~*~*~ (stealth).
 12866 | Lair:5   | 12866 ||| INVOKING Heroism.
 12926 | Lair:5   | 12926 ||| INVOKING Heroism.
 13040 | Lair:5   | 13040 ||| Stepping ~*~*~tactically~*~*~ (hiding).
 13041 | Lair:5   | 13041 ||| Stepping ~*~*~tactically~*~*~ (hiding).
 13196 | Lair:5   | 13196 ||| INVOKING Heroism.
 13203 | Lair:5   | Gained mutation: Your large and strong wings let you fly.
                  | [Gargoyle growth]
 13203 | Lair:5   | Reached XP level 14. HP: 56/88 MP: 19/21
 13415 | Lair:5   | 13415 ||| INVOKING Heroism.
 13416 | Lair:5   | 13416 ||| SWAPPING to +0 morningstar.
 13422 | Lair:5   | 13422 ||| SWAPPING to +7 broad axe.
 13501 | Lair:5   | 13501 ||| Stepping ~*~*~tactically~*~*~ (stealth).
 13512 | Lair:5   | Received a gift from Okawaru
 13545 | Lair:5   | 13545 ||| INVOKING Heroism.
 13548 | Lair:5   | 13548 ||| SWAPPING to +0 morningstar.
 13556 | Lair:5   | 13556 ||| SWAPPING to +7 broad axe.
 13571 | Lair:5   | 13571 ||| Stepping ~*~*~tactically~*~*~ (stealth).
 13606 | Lair:5   | 13606 ||| Stepping ~*~*~tactically~*~*~ (stealth).
 13607 | Lair:5   | 13607 ||| Stepping ~*~*~tactically~*~*~ (stealth).
 13609 | Lair:5   | 13609 ||| Stepping ~*~*~tactically~*~*~ (hiding).
 13611 | Lair:5   | 13611 ||| INVOKING Heroism.
 13619 | Lair:5   | Received a gift from Okawaru
 13620 | Lair:5   | Reached skill level 15 in Shields
 13758 | Lair:5   | 13758 ||| INVOKING Heroism.
 13761 | Lair:5   | 13761 ||| Stepping ~*~*~tactically~*~*~ (hiding).
 13762 | Lair:5   | 13762 ||| Stepping ~*~*~tactically~*~*~ (hiding).
 13809 | Lair:5   | 13809 ||| INVOKING Heroism.
 13826 | Lair:5   | Received a gift from Okawaru
 14038 | Lair:5   | 14038 ||| Stepping ~*~*~tactically~*~*~ (hiding).
 14056 | Lair:5   | 14056 ||| Stepping ~*~*~tactically~*~*~ (hiding).
 14060 | Lair:5   | 14060 ||| INVOKING Heroism.
 14071 | Lair:5   | Killed from afar by a fire dragon

Levels and vault maps discovered:
D:1:      heliophobic_arrival_battle_scene, layout_loops_ring,
          lexackson_kobold_supper
D:2:      minmay_alternating_diamond, layout_basic, uniq_natasha, uniq_terence
D:3:      layout_loops_ring, ashenzari_conservatory_becter,
          shapermc_ecumenical_altar_totnotflames,
          wander_ebering_terrifying_dragon_lair
D:4:      layout_basic, nicolae_stop_n_shop_1, minmay_misc_feat_ornament
D:5:      layout_gridville, mainiacjoe_overflow_catch_the_wave,
          nicolae_overflow_crystal_walls, minmay_temple_entry_drinking_statues
D:6:      layout_loops_corners, uniq_maggie
D:7:      layout_basic, serial_shops, nicolae_shop_dealshenge,
          minmay_manual_moon
D:8:      wander_river, layout_rooms, lair_entry_dummy,
          biasface_ghost_orc_armoury, enter_bailey_5
Temple:   nicolae_temple_elliptical
Lair:1:   layout_roguey [special_room_bee]
Lair:2:   layout_cave_pods, minmay_shoals_entry_beasts, nzn_random_ring,
          serial_bayou_shore_b
Lair:3:   layout_misc_corridors, minmay_snake_entry_spellcaster,
          hellmonk_ghost_happy_afterlife, serial_bayou_shore_b
Lair:4:   layout_loops_ring, minmay_slime_entry_eyes
Lair:5:   hangedman_lair_in_review, layout_regular_city,
          guppyfry_lair_end_dragon, basic_altar, st_stairs_13, uniq_urug

Skill      XL: |  1  2  3  4  5  6  7  8  9 10 11 12 13 14 |
---------------+-------------------------------------------+-----
Axes           | 2 3 4 5 6 7 8 10 11 12 13 | 13.4
Fighting       | 4 5 6 7 9 10 | 10.0
Dodging        | 1 2 |  2.2
Invocations    | 2 4 6 9 10 | 10.0
Armour         | 4 5 6 8 |  8.0
Shields        | 4 8 11 13 14 15 | 15.0
Throwing       | 3 4 |  4.0

Action                     |  1- 3 |  4- 6 |  7- 9 | 10-12 | 13-15 || total
---------------------------+-------+-------+-------+-------+-------++-------
  Melee: War axe           |   123 |   113 |   193 |   443 |   170 ||  1042
         Unarmed           |       |     5 |       |       |       ||     5
         Morningstar       |       |       |       |    42 |    39 ||    81
         Broad axe         |       |       |       |       |   215 ||   215
  Throw: Boomerang         |    17 |    83 |       |       |       ||   100
         Javelin           |       |       |       |       |    43 ||    43
 Invoke: Heroism           |       |       |     3 |    26 |    20 ||    49
         Finesse           |       |       |       |     4 |       ||     4
    Use: Scroll            |     7 |     9 |     4 |     5 |     1 ||    26
         Potion            |       |       |       |       |     1 ||     1
 Armour: Scale mail        |    54 |       |       |       |       ||    54
         Chain mail        |    17 |    71 |   124 |   256 |   206 ||   674
         Skin              |       |     1 |       |       |       ||     1
  Dodge: Dodged            |    56 |    35 |    65 |   148 |    96 ||   400
  Block: Buckler           |    24 |    26 |    36 |     8 |       ||    94
         Tower shield      |       |       |       |   385 |   390 ||   775

Table legend:
 A = Non-vault XP
 B = Vault XP
 C = Vault XP percentage of total XP
 D = Non-vault monster count
 E = Vault monster count
 F = Vault count percentage of total count
                 A         B        C        D         E       F
            +---------+---------+-------+---------+---------+-------
      Total |   42701 |   23821 |  35.8 |     268 |     100 |  27.2
            +---------+---------+-------+---------+---------+-------
        D:1 |      36 |      11 |  23.4 |      23 |       8 |  25.8
        D:2 |      87 |      78 |  47.3 |      16 |       6 |  27.3
        D:3 |      56 |       1 |   1.8 |      21 |       1 |   4.5
        D:4 |     123 |       0 |   0.0 |      10 |       0 |   0.0
        D:5 |     743 |       0 |   0.0 |      14 |       0 |   0.0
        D:6 |     691 |     370 |  34.9 |      16 |       1 |   5.9
        D:7 |    1549 |     443 |  22.2 |      27 |       4 |  12.9
        D:8 |    2140 |       8 |   0.4 |      19 |       4 |  17.4
     Lair:1 |    5598 |    1752 |  23.8 |      20 |      24 |  54.5
     Lair:2 |    7860 |    7225 |  47.9 |      27 |      17 |  38.6
     Lair:3 |    6627 |     448 |   6.3 |      20 |       1 |   4.8
     Lair:4 |    2713 |     608 |  18.3 |      13 |       2 |  13.3
     Lair:5 |   14478 |   12877 |  47.1 |      42 |      32 |  43.2
            +---------+---------+-------+---------+---------+-------
